 Dungeon Crawl Stone Soup version bcrawl-1.41.1 (webtiles) character file.

Game seed: 7295739094379636483

135493 TheWayOfAllFlesh the Poker (level 3, 12/26 HPs)
             Began as an Octopode Fighter on Apr 13, 2024.
             Was an Initiate of Vehumet.
             Quit the game on level 2 of the Dungeon.
             The game lasted 00:01:16 (1027 turns).

TheWayOfAllFlesh the Poker (Octopode Fighter)       Turns: 1027, Time: 00:01:17

Health: 12/26      AC:  1    Str: 15    XL:     3   Next: 68%
Magic:  3/3        EV:  9    Int: 11    God:    Vehumet [......]
Gold:   37         SH:  8    Dex: 11    Spells: 2/2 levels left

rFire    . . .     GDR:     23% a - +0 trident
rCold    . . .     SeeInvis .   b - +0 medium shield
rNeg     . . .     Gourm    .   (helmet restricted)
rPois    .         Faith    .   (cloak restricted)
rElec    .         Spirit   .   (no amulet)
rCorr    .         Reflect  .   j - ring of stealth
MR       .....                  (no ring)
Stlth    ++++......             (no ring)
HPRegen  0.14/turn              (no ring)
MPRegen  0.08/turn              (no ring)
                                (no ring)
                                (no ring)
                                (no ring)

@: lethally poisoned (12 -> -6)
A: almost no armour, stealthy swim, resist paralysis, amphibious, 8 rings,
constrict 8, camouflage 1, gelatinous body 1
a: Renounce Religion


You were on level 2 of the Dungeon.
You worshipped Vehumet.
Vehumet was noncommittal.
You were not hungry.

You visited 1 branch of the dungeon, and saw 2 of its levels.

You collected 37 gold pieces.

Inventory:

Hand Weapons
 a - a +0 trident (weapon)
Armour
 b - a +0 medium shield (worn)
 d - a +1 hat
Jewellery
 j - a ring of stealth (left tentacle)
Scrolls
 f - 2 scrolls of fog {unknown}
 g - 3 scrolls of remove curse {unknown}
 h - a scroll of blinking {unknown}
 i - 2 scrolls of identify
 l - 2 scrolls of teleportation {unknown}
Potions
 c - a potion of might
Comestibles
 e - a ration {!d}
 k - 15 chunks of flesh


   Skills:
 - Level 3.0 Fighting
 + Level 3.9 Polearms
 - Level 3.0 Dodging
 - Level 3.0 Shields


You had 2 spell levels left.
You didn't know any spells.
Your spell library was empty.

Dungeon Overview and Level Annotations

Branches:
Dungeon (2/12)

Altars:
Gozag
Vehumet


Innate Abilities, Weirdness & Mutations

You cannot wear most types of armour.
You are very stealthy in the water. (Stealth+)
Your unusual nervous system resists paralysis.
You are amphibious.
You can wear up to eight rings at the same time.
You can use your tentacles to constrict eight enemies at once.
Your skin changes colour to match your surroundings (Stealth+).
Your rubbery body absorbs attacks. (AC +1, EV +1)


Message History

A frilled lizard and 2 orcs come into view.
An orc is wielding a +0 dagger and quivering 27 poisoned tomahawks.
There is a large open door here.
The frilled lizard hisses angrily.
The orc throws a poisoned tomahawk.
The poisoned tomahawk hits you.
You are poisoned.
The orc shouts!
You puncture the frilled lizard!
You kill the frilled lizard!
Vehumet accepts your kill.
You feel sick.
The orc throws a poisoned tomahawk.
The poisoned tomahawk hits you.
You are lethally poisoned!
You are too injured to fight recklessly!
You are too injured to fight recklessly!
You feel sick.
There is a large open door here.
Okay, then.
Unknown command.
Are you sure you want to abandon this character and quit the game? (Confirm with "yes".)

..#####....#####......# #.....#
..#..÷....[...........#####.....#
...÷....##############.........[#
.......## ##....####.........#
......## #.8..8.# ##........#
.....## ..o...# ##.......# ....##
#†...# ##....#.# ...## # # #
#o##.### ####.....# ...##8#.8.#
#.##@'##.###...#..... ...'...#.#.
#......#.'.###...... ...##8#.8.#
#.##''##.###...#..... ##.## # # #
#.##.### ####.###.# ##..##
##...)## ##....... .....##
#....).# ##...###.# ......##
#.8..8.# ##....# #.# ##.....##
##....####.....# #.#
#.....)##############......# #..


You could see 2 orcs.

Vanquished Creatures
  An ooze (D:2)
  A worm (D:2)
  3 dart slugs
  4 leopard geckos
  2 orcs (D:2)
  A giant cockroach (D:2)
  4 hobgoblins
  A jackal (D:2)
  3 bats
  3 frilled lizards
  A goblin (D:2)
  2 kobolds
  2 rats (D:2)
28 creatures vanquished.

Notes
Turn   | Place    | Note
-------+----------+-------------------------------------------
     0 | D:1      | TheWayOfAllFlesh the Octopode Fighter began the quest for
                  | the Orb.
     0 | D:1      | Reached XP level 1. HP: 16/16 MP: 1/1
   180 | D:1      | Reached XP level 2. HP: 19/21 MP: 2/2
   774 | D:2      | Reached XP level 3. HP: 26/26 MP: 3/3
   937 | D:2      | Found a radiant altar of Vehumet.
   947 | D:2      | Found an opulent altar of Gozag.
   977 | D:2      | Became a worshipper of Vehumet
  1027 | D:2      | Quit the game

Skill      XL: |  1  2 |
---------------+-------+-----
Polearms       | 3 |  3.9
Fighting       | |  3.0
Dodging        | |  3.0
Shields        | |  3.0

Action                   || total
-------------------------++-------
Melee: Trident           ||    60
       Constrict         ||    15
       Tentacles         ||    12
 Stab: Sleeping          ||     8
  Eat: Chunk             ||     2
Armor: Skin              ||     2
Dodge: Dodged            ||     6
Block: Medium shield     ||    13
